 Dungeon Crawl Stone Soup version 0.30-a0-365-ge7f957f1db (webtiles) character file.

Game seed: 11395144441169404637

43 Jackthecabe the Conjurer (level 3, 0/24 HPs)
             Began as a Demonspawn Hedge Wizard on Nov 17, 2022.
             Succumbed to an adder's poison
             ... on level 2 of the Dungeon.
             The game lasted 00:04:51 (1867 turns).

Jackthecabe the Conjurer (Demonspawn Hedge Wizard)  Turns: 1867, Time: 00:04:51

Health: 0/24       AC:  5    Str: 10    XL:     3   Next: 37%
Magic:  0/7        EV: 12    Int: 17    God:
Gold:   73         SH:  4    Dex: 12    Spells: 4/8 levels left

rFire   . . .      SeeInvis .    a - +0 dagger
rCold   . . .      Faith    .    (no shield)
rNeg    . . .      Spirit   .    b - +0 robe
rPois   .          Reflect  .    c - +0 hat
rElec   .          Harm     .    (no cloak)
rCorr   .          Rampage  .    (no gloves)
Will    .....                    i - +2 pair of boots
Stlth   ++........               (no amulet)
HPRegen 0.24/turn                (no ring)
MPRegen 0.10/turn                (no ring)

@: lethally poisoned (0 -> -2), hasted, very quick
A: condensation shield, demonic touch 1
a: no special abilities


You were on level 2 of the Dungeon.
You visited 1 branch of the dungeon, and saw 2 of its levels.

You collected 73 gold pieces.


Innate Abilities, Weirdness & Mutations

A meltable shield of frost defends you. (SH +4)
Your touch may inflict minor irresistible damage on your foes.


   Skills:
 - Level 1.7 Dodging
 - Level 1.7 Stealth
 - Level 3.0 Spellcasting
 - Level 3.1 Conjurations
 + Level 1.4 Summonings
 - Level 0.8 Translocations


You had 4 spell levels left.
You knew the following spells:

 Your Spells              Type           Power      Damage    Failure   Level
c - Call Canine Familiar  Summ           7%         N/A       28%         3
m - Magic Dart            Conj           52%        1d5       4%          1

Your spell library contained the following spells:

 Spells                   Type           Power      Damage    Failure   Level
 Summon Small Mammal      Summ           28%        N/A       10%         1
 Call Imp                 Summ           7%         N/A       14%         2
 Slow                     Hex            8%         N/A       17%         1
 Blink                    Tloc           10%        N/A       19%         2
 Cigotuvi's Dreadful Rot  Necr/Pois/Air  4%         N/A       26%         2
 Mephitic Cloud           Conj/Pois/Air  6%         N/A       34%         3
 Summon Guardian Golem    Hex/Summ       5%         N/A       36%         3

Inventory:

Hand Weapons
 a - a +0 dagger (weapon)
Armour
 b - a +0 robe (worn)
 c - a +0 hat (worn)
 g - an orb of wrath
 i - a +2 pair of boots (worn)
Magical Staves
 l - a staff of poison {!a}
Scrolls
 e - a scroll of identify {unknown}
 f - a scroll of immolation {unknown}
 h - a scroll of amnesia {unknown}
 j - a scroll of noise {unknown}
 m - a scroll of enchant weapon {unknown}
Potions
 d - a potion of magic

Dungeon Overview and Level Annotations

Branches:
Dungeon (2/15)

Altars:

####### #.....#
#.###.# #.# #.#
#####.###.#
#.........#
#.###.#...#######
#@# #........†...
......r.#
#.....######.
...###### ##...##
##.## #.# #.#
###'## ####
##....## ...#
###......##


You could see a rat.


Message History

You feel sick. The adder bites you.
* * * LOW HITPOINT WARNING * * *
It was a potion of haste.
You feel yourself speed up.
* * * LOW HITPOINT WARNING * * *
You feel sick. The adder closely misses you.
Unknown command.
Okay, then.
Okay, then.
Sorry, you're not good enough to have a special ability.
Unknown command.
Casting: Call Canine Familiar (extremely dangerous; 34% risk of failure)
Confirm with . or Enter, or press ? or * to list all spells.
You don't know that spell.
Casting: Call Canine Familiar (extremely dangerous; 34% risk of failure)
Confirm with . or Enter, or press ? or * to list all spells.
Aiming: Magic Dart (safe; 4% risk of failure)
Press: ? - help, Shift-Dir - straight line, f/p - adder
Aim: an adder (almost dead, 100% to hit)
The magic dart hits the adder.
You kill the adder!
* * * LOW HITPOINT WARNING * * *
You feel sick.
Casting: Magic Dart (safe; 4% risk of failure)
Confirm with . or Enter, or press ? or * to list all spells.
Aiming: Magic Dart (safe; 4% risk of failure)
Press: ? - help, Shift-Dir - straight line, f - rat
Aim: a rat (100% to hit)
The magic dart hits the rat.
The rat is moderately wounded.
You die...

Skill      XL: |  1  2 |
---------------+-------+-----
Conjurations   | 2 3 |  3.1
Dodging        | |  1.7
Stealth        | |  1.7
Spellcasting   | |  3.0
Summonings     | |  1.4
Translocations | |  0.8

Action                   || total
-------------------------++-------
Melee: Dagger            ||    67
 Cast: Magic Dart        ||    94
  Use: Potion            ||     2
Armor: Robe              ||    19
Dodge: Dodged            ||    38
Block: Other             ||    10

Levels and vault maps discovered:
D:1:      psy_arrival_radial01, layout_basic, nicolae_wormholes
D:2:      layout_loops_corners, nicolae_ecumenical_pavilion,
          corexii_hall_statues_deadend, uniq_jessica

Notes
Turn   | Place    | Note
-------+----------+-------------------------------------------
     0 | D:1      | Jackthecabe the Demonspawn Hedge Wizard began the quest for
                  | the Orb.
     0 | D:1      | Reached XP level 1. HP: 13/13 MP: 4/4
   347 | D:1      | Reached skill level 2 in Conjurations
   397 | D:1      | Gained mutation: A meltable shield of frost defends you.
                  | (SH +4) [demonic ancestry]
   397 | D:1      | Reached XP level 2. HP: 19/19 MP: 1/6
   810 | D:1      | You fall into a shaft and drop 1 floor!
  1587 | D:2      | Found a faded altar of an unknown god.
  1590 | D:2      | Reached skill level 3 in Conjurations
  1591 | D:2      | Gained mutation: Your touch may inflict minor irresistible
                  | damage on your foes. [demonic ancestry]
  1591 | D:2      | Reached XP level 3. HP: 24/24 MP: 3/7
  1838 | D:2      | Learned a level 3 spell: Call Canine Familiar
  1864 | D:2      | HP: 2/24 [adder (2)]
  1867 | D:2      | Succumbed to an adder's poison

Vanquished Creatures
  An adder (D:2)
  2 ball pythons (D:1)
  4 endoplasms
  A giant cockroach (D:1)
  2 goblins
  6 hobgoblins
  2 kobolds
  A quokka (D:2)
  4 bats
  5 frilled lizards
  5 rats
33 creatures vanquished.

Table legend: (Time is in decaauts)
 A = Elapsed time spent in this place.
 B = Non-inter-level travel time spent in this place.
 C = Inter-level travel time spent in this place.
 D = Time resting spent in this place.
 E = Time spent auto-exploring this place.
 F = Levels seen in this place.
 G = Mean time per level.
                   A        B        C        D        E       F      G
               +--------+--------+--------+--------+--------+-----+--------+
         Total |   1866 |   1848 |     18 |     12 |   1346 |   2 |  933.0 |
       Dungeon |   1866 |   1848 |     18 |     12 |   1346 |   2 |  933.0 |
               +--------+--------+--------+--------+--------+-----+--------+

Top non-repeatable levels by time:
     D:1: 1349 daAuts
     D:2: 517 daAuts

Table legend:
 A = Non-vault XP
 B = Vault XP
 C = Vault XP percentage of total XP
 D = Non-vault monster count
 E = Vault monster count
 F = Vault count percentage of total count
                 A         B        C        D         E       F
            +---------+---------+-------+---------+---------+-------
      Total |      62 |       0 |   0.0 |      33 |       0 |   0.0
            +---------+---------+-------+---------+---------+-------
        D:1 |      30 |       0 |   0.0 |      19 |       0 |   0.0
        D:2 |      32 |       0 |   0.0 |      14 |       0 |   0.0
            +---------+---------+-------+---------+---------+-------
